 Dungeon Crawl Stone Soup version 0.27.1 (webtiles) character file.

Game seed: 646927862140175297

415 pkoi the Ruffian (level 6, -3/59 HPs)
             Began as a Troll Monk on Aug 26, 2021.
             Was a Priest of Zin.
             Slain by a killer bee (5 damage)
             ... on level 4 of the Dungeon.
             The game lasted 00:03:29 (3128 turns).

pkoi the Ruffian (Troll Monk)                       Turns: 3128, Time: 00:03:29

Health: -3/59      AC:  8    Str: 22    XL:     6   Next: 60%
Magic:  6/7        EV: 10    Int:  6    God:    Zin [***...]
Gold:   156        SH:  0    Dex: 12    Spells: 5/5 levels left

rFire    . . .     SeeInvis .     - Unarmed
rCold    . . .     Faith    .   (no shield)
rNeg     . . .     Spirit   .   a - +0 robe
rPois    .         Reflect  .   (helmet restricted)
rElec    .         Harm     .   (no cloak)
rCorr    .         Rampage  .   (gloves unavailable)
Will     .....                  (boots unavailable)
Stlth    ++........             d - amulet of the acrobat
HPRegen  1.19/turn              j - +4 ring of protection
MPRegen  0.10/turn              (no ring)

@: lethally poisoned (-3 -> -18)
A: large, unfitting armour, claws 3, regeneration 1, shaggy fur 1, tough skin 1
a: Renounce Religion, Recite, Vitalisation, Imprison, Donate Gold


You were on level 4 of the Dungeon.
You worshipped Zin.
Zin was most pleased with you.
You visited 1 branch of the dungeon, and saw 5 of its levels.

You collected 173 gold pieces.
You donated 17 gold pieces to Zin.

Inventory:

Missiles
 c - 11 poisoned darts (quivered)
Armour
 a - a +0 robe (worn)
 g - a +0 cloak
Jewellery
 d - an amulet of the acrobat (around neck)
 j - a +4 ring of protection (left claw)
Scrolls
 e - a scroll of magic mapping
 h - a scroll of amnesia
Potions
 b - a potion of berserk rage {unknown}
 i - a potion of curing {unknown}


   Skills:
 - Level 2.4 Fighting
 - Level 2.4 Dodging
 - Level 1.0 Stealth
 * Level 6.7 Unarmed Combat
 + Level 2.7 Invocations


You had 5 spell levels left.
You didn't know any spells.
Your spell library contained the following spells:

 Spells                   Type           Power      Damage    Failure   Level
 Magic Dart               Conj           0%         1d3       45%         1
 Searing Ray              Conj           0%         3d3       58%         2
 Gell's Gravitas          Tloc           0%         N/A       83%         3
 Lesser Beckoning         Tloc           0%         N/A       83%         3
 Ozocubu's Armour         Ice            0%         N/A       83%         3
 Teleport Other           Tloc           0%         N/A       83%         3
 Fulminant Prism          Conj/Hex       0%         3d6       99%         4
 Ozocubu's Refrigeration  Ice            0%         4d5       100%        7


Dungeon Overview and Level Annotations

Branches:
Dungeon (5/15)
 Temple: D:4-7

Altars:
Cheibriados
Hepliaklqana
Qazlal
Trog
Zin
The Shining One


Innate Abilities, Weirdness & Mutations

You are too large for most types of armour.
You have claws for hands.
Your natural rate of healing is unusually fast.
You are covered in fur. (AC +1)
You have tough skin. (AC +1)


Message History

You feel sick. The killer bee stings you. x3
You are more poisoned.
The killer bee poisons you! The jelly closely misses you.
The killer bee stings you but does no damage.
You climb upwards.
You feel very sick.
There is a stone staircase leading down, spattered with blood here.
Unknown command.
You claw the jelly!
You kill the jelly!
You feel sick. The killer bee closely misses you. The killer bee stings you!
* * * LOW HITPOINT WARNING * * *
You are more poisoned.
The killer bee poisons you!
The killer bee stings you but does no damage.
You miss the killer bee.
You feel very sick.
The killer bee stings you but does no damage.
The killer bee stings you.
* * * LOW HITPOINT WARNING * * *
You are more poisoned.
The killer bee poisons you! The killer bee stings you.
* * * LOW HITPOINT WARNING * * *
You are lethally poisoned!
The killer bee poisons you! The killer bee closely misses you.
You barely miss the killer bee.
* * * LOW HITPOINT WARNING * * *
You feel very sick. The killer bee closely misses you.
The killer bee stings you.
* * * LOW HITPOINT WARNING * * *
The killer bee stings you.
* * * LOW HITPOINT WARNING * * *
You are more poisoned.
The killer bee poisons you!
You claw the killer bee!
The killer bee is almost dead.
* * * LOW HITPOINT WARNING * * *
You feel extremely sick. The killer bee stings you.
You die...

..........##.####
..........##....##
..........#####..## ..........#
##..## ## ..........### ####8##
##8## ............#
##...##♣##...## ............###
#_....'.'...._#
..............####...##.##...##
...#.####..#...y@##8##♣.♣##8##
......# ##.##...y.#####'# ##
##.#######.######.......#
............# #...#..## ####
..........#.#########.## #####...
..........#..##...# #.####.......
..................###...........#
............................#...#
..........#####...#.....#...#.###


You could see 2 killer bees.

Vanquished Creatures
  A phantom (D:4)
  2 killer bees (D:4)
  A jelly (D:4)
  An orc priest (D:3)
  An iron imp (D:4)
  A hound skeleton (D:4)
  5 adders
  2 worms (D:2)
  A dart slug (D:1)
  8 orcs (D:3)
  9 ball pythons
  2 endoplasms
  3 giant cockroaches
  7 goblins
  10 hobgoblins
  7 jackals (D:4)
  12 kobolds
  5 quokkas
  8 bats
  3 frilled lizards
  3 rats
92 creatures vanquished.

Notes
Turn   | Place    | Note
-------+----------+-------------------------------------------
     0 | D:1      | pkoi the Troll Monk began the quest for the Orb.
     0 | D:1      | Reached XP level 1. HP: 22/22 MP: 0/0
   126 | D:1      | Reached XP level 2. HP: 29/29 MP: 1/1
   244 | D:1      | Reached skill level 4 in Unarmed Combat
   431 | D:1      | Reached XP level 3. HP: 36/36 MP: 2/2
   874 | D:2      | Found a faded altar of an unknown god.
   982 | D:2      | Found a glowing silver altar of Zin.
  1095 | D:2      | Became a worshipper of Zin the Law-Giver
  1095 | D:2      | Reached * piety under Zin
  1095 | D:2      | Reached ** piety under Zin
  1167 | D:2      | Reached XP level 4. HP: 44/44 MP: 3/3
  1276 | D:2      | Reached skill level 5 in Unarmed Combat
  2077 | D:3      | Reached skill level 1 in Invocations
  2106 | D:3      | Reached XP level 5. HP: 49/50 MP: 3/5
  2462 | D:4      | Found a bloodstained altar of Trog.
  2494 | D:4      | Found a hazy altar of Hepliaklqana.
  2641 | D:4      | Noticed a phantom
  2651 | D:4      | Killed a phantom
  2652 | D:4      | Reached skill level 6 in Unarmed Combat
  2658 | D:4      | Reached *** piety under Zin
  2783 | D:4      | Found a snail-covered altar of Cheibriados.
  2795 | D:4      | Reached XP level 6. HP: 56/59 MP: 6/6
  2870 | D:4      | Found a stormy altar of Qazlal.
  2980 | D:4      | Found a glowing silver altar of Zin.
  2981 | D:4      | Found a glowing golden altar of the Shining One.
  3071 | D:5      | Entered Level 5 of the Dungeon
  3128 | D:4      | HP: 2/59 [poisoned by a killer bee]
  3128 | D:4      | Slain by a killer bee

Illustrated notes

Levels and vault maps discovered:
D:1:      dpeg_arrival_morbid_curiosity, layout_basic
D:2:      layout_basic, ebering_ecumenical_altar_rust, basic_altar,
          corexii_hall_statues_u, grunt_decor_fettered
D:3:      layout_basic, minmay_checkerbox
D:4:      layout_rooms, lemuel_coloured_pillars_altar,
          trog_three_pillars_becter, amethyst_overflow_temple_binary,
          slow_altar_2, mainiacjoe_overflow_six_doors_small,
          hangedman_decor_points, eino_tiny_chamber, lemuel_another_geyser
D:5:      layout_basic, minmay_temple_entry_arrows,
          gammafunk_ghost_nasty_kobolds, dk_noncrumbling_4

Skill      XL: |  1  2  3  4  5 |
---------------+----------------+-----
Unarmed Combat | 4 5 6 |  6.7
Invocations    | 1 2 |  2.7
Fighting       | |  2.4
Dodging        | |  2.4
Stealth        | |  1.0

Action                   |  1- 3 |  4- 6 || total
-------------------------+-------+-------++-------
Melee: Unarmed           |   102 |   154 ||   256
       Punch             |     3 |     3 ||     6
  Use: Scroll            |     1 |     6 ||     7
 Stab: Sleeping          |     2 |       ||     2
Armor: Robe              |    36 |    55 ||    91
Dodge: Dodged            |    63 |   127 ||   190
